 Dungeon Crawl Stone Soup version 0.29.1-15-g9cfb28693d (webtiles) character file.

Game seed: 5559810739911308660

60 Heoruswealwe the Magician (level 3, -2/19 HPs)
             Began as a Deep Elf Earth Elementalist on Apr 25, 2023.
             Was a Believer of Fedhas.
             Slain by a scorpion (4 damage)
             ... on level 4 of the Dungeon.
             The game lasted 00:12:29 (1222 turns).

Heoruswealwe the Magician (DEEE)                    Turns: 1222, Time: 00:12:29

Health: -2/19      AC:  4    Str:  5    XL:     3   Next: 80%
Magic:  7/11       EV: 12    Int: 21    God:    Fedhas [**....]
Gold:   78         SH:  0    Dex: 15    Spells: 5/11 levels left

rFire   . . .      SeeInvis .   (no weapon)
rCold   . . .      Faith    .   (no shield)
rNeg    . . .      Spirit   .   a - +0 robe
rPois   .          Reflect  .   (no helmet)
rElec   .          Harm     .   (no cloak)
rCorr   .          Rampage  .   m - +0 pair of gloves
Will    .....                   j - +0 pair of boots
Stlth   ++........              (no amulet)
HPRegen 0.06/turn               (no ring)
MPRegen 0.12/turn               (no ring)

@: lethally poisoned (-2 -> -14)
A: no striking features
a: Renounce Religion, Wall of Briars


You were on level 4 of the Dungeon.
You worshipped Fedhas.
Fedhas was pleased with you.
You visited 1 branch of the dungeon, and saw 4 of its levels.

You collected 78 gold pieces.

Inventory:

Armour
 a - a +0 robe (worn)
 j - a +0 pair of boots (worn)
 m - a +0 pair of gloves (worn)
Wands
 e - a wand of iceblast (6)
 k - a wand of paralysis (3)
Scrolls
 i - a scroll of magic mapping {unknown}
 l - a scroll of fear {unknown}
Potions
 b - a potion of magic
 c - a potion of mutation {unknown}
 f - a potion of resistance
 g - a potion of ambrosia
 h - 3 potions of lignification {unknown}


   Skills:
 - Level 2.4 Dodging
 - Level 2.4 Stealth
 + Level 4.5 Spellcasting
 - Level 1.1 Transmutations
 + Level 4.4 Earth Magic


You had 5 spell levels left.
You knew the following spells:

 Your Spells              Type           Power      Damage    Failure   Level
a - Sandblast             Erth           46%        2d11      1%          1
b - Stone Arrow           Conj/Erth      28%        3d8       14%         3
z - Passwall              Tmut/Erth      13%        N/A       5%          2

Your spell library contained the following spells:

 Spells                   Type           Power      Damage    Failure   Level
 Petrify                  Tmut/Erth      16%        N/A       36%         4


Dungeon Overview and Level Annotations

Branches:
Dungeon (4/15)
 Temple: D:4-7

Altars:
Fedhas
Kikubaaqudgha


Message History

You continue taking off your +0 pair of gloves. x4
You finish taking off your +0 pair of gloves.
You start putting on your armour.
You continue putting on your +0 pair of gloves. x5
You finish putting on your +0 pair of gloves.
You drop a +0 pair of gloves.
There is an open door here.
There is an open door here.
There is a stone staircase leading down here.
You climb downwards.
Found 11 gold pieces and a robe.
There is a stone staircase leading up here.
The blast of sand hits the hobgoblin!
You kill the hobgoblin!
Fedhas appreciates your contribution to the ecosystem.
The blast of sand hits the scorpion.
The scorpion is moderately wounded.
The scorpion stings you.
You are poisoned.
The scorpion poisons you!
The blast of sand hits the scorpion!
The scorpion is severely wounded.
You feel very sick. The scorpion stings you.
You are more poisoned.
The scorpion poisons you! The scorpion closely misses you.
You are too injured to fight recklessly!
Casting: Sandblast (safe; 1% risk of failure)
Confirm with . or Enter, or press ? or * to list all spells.
Aiming: Sandblast (safe; 1% risk of failure)
Press: ? - help, Shift-Dir - straight line, f/p - scorpion
Aim: a scorpion (severely wounded, 83% to hit)
The blast of sand hits the scorpion.
The scorpion is almost dead.
* * * LOW HITPOINT WARNING * * *
You feel very sick.
The scorpion stings you but does no damage.
The scorpion stings you.
You die...
Fedhas appreciates your contribution to the ecosystem.

.........#
.........#
.........#
#..[.....#
#........#
#..$.....#
#........##
#.....s@..#
#.........#
.............
###########.##
#


You could see a scorpion.

Vanquished Creatures
  An adder (D:3)
  A river rat (D:3)
  A worm (D:3)
  2 dart slugs
  3 bats (D:1)
  5 endoplasms
  2 goblins
  3 hobgoblins
  2 jackals (D:3)
  5 ball pythons
  2 frilled lizards
  4 kobolds
  5 rats
36 creatures vanquished.

Vanquished Creatures (others)
  A plant (D:2)
1 creature vanquished.

Grand Total: 37 creatures vanquished

Notes
Turn   | Place    | Note
-------+----------+-------------------------------------------
     0 | D:1      | Heoruswealwe the Deep Elf Earth Elementalist began the
                  | quest for the Orb.
     0 | D:1      | Reached XP level 1. HP: 10/10 MP: 6/6
     3 | D:1      | Noticed a demonspawn
     3 | D:1      | Noticed a palentonga
     5 | D:1      | Noticed a spriggan
     5 | D:1      | Noticed a draconian
     7 | D:1      | Noticed an ogre
     7 | D:1      | Noticed a formicid
     9 | D:1      | Noticed a vampire
     9 | D:1      | Noticed a meteoran
    11 | D:1      | Noticed an octopode
    11 | D:1      | Noticed a vine stalker
    15 | D:1      | Noticed a minotaur
    17 | D:1      | Noticed an elf
    17 | D:1      | Noticed a demigod
    19 | D:1      | Noticed a gargoyle
    19 | D:1      | Noticed a felid
    21 | D:1      | Noticed a naga
    21 | D:1      | Noticed a human
    23 | D:1      | Noticed a troll
    23 | D:1      | Noticed a ghoul
    25 | D:1      | Noticed a spriggan
    25 | D:1      | Noticed a merfolk
    27 | D:1      | Noticed a troll
    85 | D:1      | Found a faded altar of an unknown god.
   141 | D:1      | Reached XP level 2. HP: 15/15 MP: 4/8
   144 | D:1      | Learned a level 2 spell: Passwall
   258 | D:1      | Prayed at the altar of an unknown god.
   258 | D:1      | Became a worshipper of Fedhas Madash
   258 | D:1      | Reached * piety under Fedhas
   578 | D:3      | Reached XP level 3. HP: 19/19 MP: 8/10
   582 | D:3      | Learned a level 3 spell: Stone Arrow
   728 | D:3      | Found an ancient bone altar of Kikubaaqudgha.
  1051 | D:3      | Reached ** piety under Fedhas
  1218 | D:4      | Noticed a scorpion
  1222 | D:4      | Slain by a scorpion

Illustrated notes

Levels and vault maps discovered:
D:1:      kb_arrival_jail, layout_loops_ring,
          shapermc_ecumenical_altar_starsandcircs
D:2:      layout_rooms, chequers_big_river
D:3:      layout_loops_corners, lemuel_doored_altar, portal_sewer_entry_e
D:4:      minmay_chambers_of_threes, layout_basic,
          mainiacjoe_overflow_concentric_impassable, serial_shops,
          nicolae_diamond_shop, gammafunk_ghost_grave, hangedman_decor_lopped

Skill      XL: |  1  2 |
---------------+-------+-----
Spellcasting   | 4 |  4.5
Earth Magic    | 4 |  4.4
Dodging        | |  2.4
Stealth        | |  2.4
Transmutations | |  1.1

Action                   || total
-------------------------++-------
 Cast: Sandblast         ||    47
       Passwall          ||     1
  Use: Scroll            ||     4
Armor: Robe              ||     2
Dodge: Dodged            ||     6
